 Dungeon Crawl Stone Soup version 0.30-a0-389-g8d7d949f56 (webtiles) character file.

Game seed: 2637283989806357427

2 funkygono the Firebug (level 1, -1/13 HPs)
             Began as a Demonspawn Fire Elementalist on Dec 3, 2022.
             Succumbed to a goblin's curare-tipped dart
             ... on level 1 of the Dungeon.
             The game lasted 00:00:20 (65 turns).

funkygono the Firebug (Demonspawn Fire Elementalist)  Turns: 65, Time: 00:00:21

Health: -1/13      AC:  2    Str:  8    XL:     1   Next: 33%
Magic:  0/3        EV: 12    Int: 16    God:
Gold:   0          SH:  0    Dex: 13    Spells: 3/4 levels left

rFire   . . .      SeeInvis .    c - staff of conjuration
rCold   . . .      Faith    .    (no shield)
rNeg    . . .      Spirit   .    a - +0 robe
rPois   .          Reflect  .    (no helmet)
rElec   .          Harm     .    (no cloak)
rCorr   .          Rampage  .    (no gloves)
Will    .....                    (no boots)
Stlth   ++........               (no amulet)
HPRegen 0.22/turn                (no ring)
MPRegen 0.08/turn                (no ring)

@: lethally poisoned (-1 -> -6), very slightly contaminated, slowed, very slow
A: no striking features
a: no special abilities


You were on level 1 of the Dungeon.
You visited 1 branch of the dungeon, and saw 1 of its levels.

Inventory:

Armour
 a - a +0 robe (worn)
Magical Staves
 c - a staff of conjuration (weapon)
Potions
 b - a potion of magic


   Skills:
 + Level 1.9 Dodging
 - Level 1.7 Stealth
 + Level 2.0 Spellcasting
 + Level 1.0 Conjurations
 + Level 2.8 Fire Magic


You had 3 spell levels left.
You knew the following spells:

 Your Spells              Type           Power      Damage    Failure   Level
a - Foxfire               Conj/Fire      44%        2x1d6     10%         1

Your spell library contained the following spells:

 Spells                   Type           Power      Damage    Failure   Level
 Scorch                   Fire           20%        2d6       10%         2
 Inner Flame              Hex/Fire       6%         N/A       34%         3
 Kindle Blastsparks       Fire/Tloc/Air  8%         2d10      38%         3
 Flame Wave               Conj/Fire      11%        2d6       67%         4


Dungeon Overview and Level Annotations

Branches:
Dungeon (1/15)

Altars:


Message History

Your foxfire dissipates!
A goblin is nearby!
Casting: Foxfire (safe; 10% risk of failure)
Confirm with . or Enter, or press ? or * to list all spells.
You don't have enough magic to cast this spell.
The goblin throws a curare-tipped dart.
The curare-tipped dart barely misses you.
Unknown command.
The goblin throws a curare-tipped dart.
The curare-tipped dart misses you.
Casting: Foxfire (safe; 10% risk of failure)
Confirm with . or Enter, or press ? or * to list all spells.
You feel a surge of power!
You miscast Foxfire.
You are very lightly contaminated with residual magic.
Nothing appears to happen.
The goblin throws a curare-tipped dart.
The curare-tipped dart closely misses you.
There is a large open door here.
The goblin throws a curare-tipped dart.
The curare-tipped dart barely misses you.
You close the large door.
Your magical contamination has completely faded away.
Something unseen opens the large door.
Casting: Foxfire (safe; 10% risk of failure)
Confirm with . or Enter, or press ? or * to list all spells.
You feel a surge of power!
You miscast Foxfire.
You are very lightly contaminated with residual magic.
Nothing appears to happen.
The goblin throws a curare-tipped dart.
The curare-tipped dart closely misses you.
Unknown command.
The goblin throws a curare-tipped dart.
The curare-tipped dart hits you.
You are poisoned.
You have difficulty breathing.
Ouch! That really hurt!
You feel yourself slow down.
* * * LOW HITPOINT WARNING * * *
You feel very sick.
* * * LOW HITPOINT WARNING * * *
You feel sick.
You die...

##############.~# ##
#.#.§≈.#~~~~~#8~####.>.
#.#.§≈.#~...~#.~...#.#
#.#.≈≈.#~.#.~#.~..$..#
#.#§≈§.#~.#.~#8†.....#
#.#§≈§.#~.#.~#.~.....#
#.'....'..#..'.......#
#<'....'..#..g.......###
#.#.§≈.#~@#.~#.~.......#
#.#§≈§.#~.#.~#8~.(...#$)..
#.#.≈≈.#~.#.~#.~....## ...
#.#.≈≈.#~...~#.~...## g.
#.#.≈≈.#~~~~~#8~#### .
##############.~# 8..~#
~~~~~ #####


There were no monsters in sight!

Vanquished Creatures
  A goblin (D:1)
  A hobgoblin (D:1)
2 creatures vanquished.

Vanquished Creatures (others)
  8 foxfires (D:1)
8 creatures vanquished.

Grand Total: 10 creatures vanquished

Notes
Turn   | Place    | Note
-------+----------+-------------------------------------------
     0 | D:1      | funkygono the Demonspawn Fire Elementalist began the quest
                  | for the Orb.
     0 | D:1      | Reached XP level 1. HP: 13/13 MP: 3/3
    65 | D:1      | Succumbed to a goblin's curare-tipped dart

Illustrated notes

Levels and vault maps discovered:
D:1:      lightli_arrival_isolated_outpost, layout_rooms

Action                   || total
-------------------------++-------
 Cast: Foxfire           ||     4
Dodge: Dodged            ||     5

Table legend: (Time is in decaauts)
 A = Elapsed time spent in this place.
 B = Non-inter-level travel time spent in this place.
 C = Inter-level travel time spent in this place.
 D = Time resting spent in this place.
 E = Time spent auto-exploring this place.
 F = Levels seen in this place.
 G = Mean time per level.
                   A        B        C        D        E       F      G
               +--------+--------+--------+--------+--------+-----+--------+
         Total |     65 |     65 |      0 |      0 |     22 |   1 |   65.0 |
       Dungeon |     65 |     65 |      0 |      0 |     22 |   1 |   65.0 |
               +--------+--------+--------+--------+--------+-----+--------+

Top non-repeatable levels by time:
     D:1: 65 daAuts
